 Dungeon Crawl Stone Soup version 0.28.0-1-gb440e238dd (webtiles) character file.

Game seed: 12976889810557313266

142 SnakkuSnakku7 the Firebug (level 5, 35/35 HPs)
             Began as a Demonspawn Fire Elementalist on Feb 20, 2022.
             Quit the game on level 2 of the Dungeon.
             The game lasted 00:03:59 (2358 turns).

SnakkuSnakku7 the Firebug (DsFE)                    Turns: 2358, Time: 00:03:59

Health: 35/35      AC:  3    Str:  9    XL:     5   Next: 3%
Magic:  16/17      EV: 12    Int: 18    God:
Gold:   95         SH:  0    Dex: 13    Spells: 5/8 levels left

rFire   . . .      SeeInvis .   (no weapon)
rCold   . . .      Faith    .   (no shield)
rNeg    . . .      Spirit   .   a - +0 robe
rPois   .          Reflect  .   (helmet restricted)
rElec   .          Harm     .   (no cloak)
rCorr   .          Rampage  .   m - +0 pair of gloves
Will    .....                   (no boots)
Stlth   ++........              (no amulet)
HPRegen 0.11/turn               i - ring of magical power
MPRegen 0.15/turn               (no ring)

@: no status effects
A: horns 1, foul stench 1, sanguine armour 1
a: no special abilities


You were on level 2 of the Dungeon.
You visited 1 branch of the dungeon, and saw 3 of its levels.

You collected 95 gold pieces.

Inventory:

Missiles
 g - a throwing net
Armour
 a - a +0 robe (worn)
 m - a +0 pair of gloves (worn)
Jewellery
 i - a ring of magical power (left hand)
 l - a ring of ice
 n - a ring of magical power
Scrolls
 c - a scroll of fear {unknown}
 d - a scroll of immolation {unknown}
 e - a scroll of noise {unknown}
 f - a scroll of identify {unknown}
 k - a scroll of teleportation {unknown}
Potions
 b - 2 potions of curing {unknown}
 h - a potion of ambrosia {unknown}
 j - a potion of lignification {unknown}
 o - a potion of cancellation {unknown}


   Skills:
 - Level 1.7 Dodging
 - Level 1.7 Stealth
 - Level 2.0 Spellcasting
 + Level 3.4 Conjurations
 + Level 4.1 Fire Magic


You had 5 spell levels left.
You knew the following spells:

 Your Spells              Type           Power      Damage    Failure   Level
a - Foxfire               Conj/Fire      60%        2x1d7     3%          1
b - Scorch                Fire           32%        2d7       4%          2

Your spell library contained the following spells:

 Spells                   Type           Power      Damage    Failure   Level
 Conjure Flame            Conj/Fire      15%        6-21      12%         3
 Animate Skeleton         Necr           2%         N/A       19%         1
 Apportation              Tloc           2%         N/A       19%         1
 Summon Small Mammal      Summ           4%         N/A       19%         1
 Inner Flame              Hex/Fire       9%         N/A       22%         3
 Corpse Rot               Necr/Air       2%         N/A       26%         2
 Poisonous Vapours        Pois/Air       2%         N/A       26%         2
 Flame Wave               Conj/Fire      15%        2d6       36%         4


Dungeon Overview and Level Annotations

Branches:
Dungeon (3/15)

Altars:
Beogh


Innate Abilities, Weirdness & Mutations

You have a pair of small horns on your head.
You may rarely emit foul miasma when damaged in melee.
When seriously injured, your blood forms armour. (AC +0)


Message History

Your demonic ancestry asserts itself...
You begin to emit a foul stench of rot and decay.
An endoplasm comes into view.
The endoplasm quivers.
You see here a jackal corpse.
Flames lash the jackal.
You kill the jackal!
You can't see any susceptible monsters within range! (Use Z to cast anyway.) Flames lash the endoplasm.
You kill the endoplasm!
You hear a bark!
A jackal comes into view.
You can't see any susceptible monsters within range! (Use Z to cast anyway.)
You can't see any susceptible monsters within range! (Use Z to cast anyway.)
You closely miss the jackal. The jackal barely misses you.
You closely miss the jackal. The jackal bites you.
Flames lash the jackal.
The jackal is severely wounded.
The jackal's fire resistance burns away.
The jackal bites you but does no damage.
The jackal bites you.
Unknown command.
Flames lash the jackal.
The jackal is burned terribly!
You kill the jackal!
Unknown command.
There is an open door here.
Things that are here:
a +0 robe; a +0 dagger You see here a +0 dagger.
There is an open door here.
Things that are here:
a +0 leather armour; a +0 flail
There is a stone staircase leading up here.
Are you sure you want to abandon this character and quit the game? (Confirm with "yes".)

##### #.#.#.#.#.#####.........[..
#...###.#.#.#.#............<#####
'........[.......................
#...###.#.#...#..#....#.#...####.
#...# #.#.#.###..#.#........# #.
#...# #.#........#..........# #.
#...# #.###......#...#......# ##
#...# #.# ####..............#
#...# #.# #.#@..#.#......#
#######.# ####.#####.#[.....#####
........# #....#.....#..#.......#
######### #....#.#####..#.#####.#
....# #.............#.....#.#
....# ######.......######.#.#
....# #######......#.#.# ....#
#.####.#.... ....# #.# #[#(...


There were no monsters in sight!

Vanquished Creatures
  An orc wizard (D:2)
  3 adders (D:2)
  2 worms (D:2)
  4 dart slugs
  5 orcs (D:2)
  5 ball pythons
  3 endoplasms
  4 giant cockroaches
  5 goblins
  5 hobgoblins
  7 jackals
  2 quokkas
  6 bats
  4 frilled lizards
  11 kobolds
  4 rats
71 creatures vanquished.

Vanquished Creatures (others)
  58 foxfires (D:1)
58 creatures vanquished.

Grand Total: 129 creatures vanquished

Notes
Turn   | Place    | Note
-------+----------+-------------------------------------------
     0 | D:1      | SnakkuSnakku7 the Demonspawn Fire Elementalist began the
                  | quest for the Orb.
     0 | D:1      | Reached XP level 1. HP: 13/13 MP: 3/3
   203 | D:1      | Reached skill level 3 in Fire Magic
   203 | D:1      | Gained mutation: When seriously injured, your blood forms
                  | armour. (AC +0) [demonic ancestry]
   203 | D:1      | Reached XP level 2. HP: 14/19 MP: 0/5
   645 | D:1      | Gained mutation: You have a pair of small horns on your
                  | head. [demonic ancestry]
   645 | D:1      | Reached XP level 3. HP: 11/24 MP: 0/6
   747 | D:1      | Learned a level 2 spell: Scorch
  1001 | D:1      | Found a faded altar of an unknown god.
  1237 | D:2      | Reached XP level 4. HP: 25/30 MP: 5/7
  1718 | D:2      | Reached skill level 4 in Fire Magic
  1984 | D:2      | You fall into a shaft and drop 1 floor!
  2259 | D:2      | Gained mutation: You may rarely emit foul miasma when
                  | damaged in melee. [demonic ancestry]
  2259 | D:2      | Reached XP level 5. HP: 35/35 MP: 8/8
  2358 | D:2      | Quit the game

Illustrated notes

Levels and vault maps discovered:
D:1:      minmay_arrival_diagonal_passages, layout_basic,
          hellmonk_ecumenical_altar_defaced_shrine, minmay_nonomino_d4
D:2:      layout_basic
D:3:      layout_basic, minmay_fractal_squares_5

Skill      XL: |  1  2  3  4 |
---------------+-------------+-----
Fire Magic     | 3 4 |  4.1
Conjurations   | 2 3 |  3.4
Dodging        | |  1.7
Stealth        | |  1.7
Spellcasting   | |  2.0

Action                   |  1- 3 |  4- 6 || total
-------------------------+-------+-------++-------
Melee: Unarmed           |    49 |    23 ||    72
       Headbutt          |     2 |     3 ||     5
 Cast: Foxfire           |    35 |       ||    35
       Scorch            |    19 |    41 ||    60
Armor: Robe              |    34 |    15 ||    49
Dodge: Dodged            |    53 |    33 ||    86
